 Dungeon Crawl Stone Soup version 0.14-a0-226-gcf818b1 (webtiles) character file.

154 4tharraofdagon the Firebug (level 4, 0/30 HPs)
             Began as a Demonspawn Fire Elementalist on Oct 10, 2013.
             Slain by a crimson imp (3 damage)
             ... on Level 6 of the Dungeon.
             The game lasted 00:04:49 (813 turns).

4tharraofdagon the Firebug (DsFE)                    Turns: 813, Time: 00:04:49

HP   0/30        AC  2     Str 13      XL: 4   Next: 49%
MP   5/7         EV 11     Int 18      God:
Gold 52          SH  8     Dex 13      Spells:  2 memorised,  2 levels left

Res.Fire  : . . .   See Invis. : .   o - +2,+3 dwarf hand axe
Res.Cold  : . . .   Warding    : .   a - +0 robe
Life Prot.: . . .   Conserve   : .   j - +0 orc buckler
Res.Poison: .       Res.Corr.  : .   (no helmet)
Res.Elec. : .       Clarity    : .   (no cloak)
Sust.Abil.: . .     Spirit.Shd : .   (no gloves)
Res.Mut.  : .       Stasis     : .   (no boots)
Res.Rott. : .       Flight     : .   (no amulet)
Saprovore : . . .                    (no ring)
                                     (no ring)

@: mighty, slightly resistant to hostile enchantments, fairly stealthy
A: claws 1, powered by pain 2
a: no special abilities


You were on level 6 of the Dungeon.
You were not hungry.

You visited 1 branch of the dungeon, and saw 6 of its levels.

You collected 32 gold pieces.

Inventory:

Hand weapons
 f - a +0,+0 dagger
 o - a +2,+3 dwarven hand axe (weapon)
Armour
 a - a +0 robe (worn)
 j - a +0 orcish buckler (worn)
Magical devices
 l - a wand of paralysis (7)
 p - a wand of lightning (0)
Comestibles
 c - 2 bread rations
 d - an apricot
 m - a rotting chunk of orc flesh
 n - a rotting chunk of quokka flesh
Scrolls
 e - a scroll of remove curse {unknown}
 g - a scroll of identify {unknown}
 h - 2 scrolls of blinking {unknown}
Jewellery
 k - an uncursed ring of ice
Books
 b - a book of Flames

   Spells                             Type                      Level
   *Flame Tongue                      Conjuration/Fire             1
   Throw Flame                        Conjuration/Fire             2
   *Conjure Flame                     Conjuration/Fire             3
   Inner Flame                        Hexes/Fire                   3
   Sticky Flame                       Conjuration/Fire             4
   Fireball                           Conjuration/Fire             5


   Skills:
 - Level 1.7 Dodging
 - Level 1.7 Stealth
 * Level 1.5 Shields
 + Level 1.8 Spellcasting
 * Level 2.6 Conjurations
 * Level 3.3 Fire Magic


You had 2 spell levels left.
You knew the following spells:

 Your Spells              Type           Power        Failure   Level  Hunger
a - Flame Tongue          Conj/Fire      ##...        8%          1    #......
b - Conjure Flame         Conj/Fire      ##......     21%         3    ####...


Dungeon Overview and Level Annotations

Branches:
Dungeon (6/27)
 Temple: D:4-7          Orc: D:6-11

Altars:
Cheibriados
Fedhas
the Shining One

Shops:
D:5 =

Portals:
Ziggurat: D:4 (4590 gp)


Innate Abilities, Weirdness & Mutations

You have sharp fingernails.
You sometimes gain power by taking damage.


Message History

The hobgoblin is severely wounded.
The hobgoblin hits you with a club.
* * * LOW HITPOINT WARNING * * *
The hobgoblin misses you.
You barely miss the hobgoblin.
The hobgoblin is severely wounded.
The hobgoblin hits you with a club.
* * * LOW HITPOINT WARNING * * *
You hit the hobgoblin.
You kill the hobgoblin!
You see here a club.
You start resting.
A crimson imp comes into view.
A crimson imp is nearby!
Found a scroll labeled KIUBAVVOJUW.
You barely miss the crimson imp. The crimson imp hits you.
* * * LOW HITPOINT WARNING * * *
Your shield prevents you from hitting the crimson imp.
The crimson imp hits you.
You die...

. #.... .. .......
.... #.....# .....
#.....# . #.....
.....# ...
#.....##....# ...?
#.........#.....
#....<...........
###+###).@5.....#
..........##.....#
##...##### ....#
.... ...# ... ..'
. .


You could see a crimson imp.

Vanquished Creatures
  A giant frog zombie (D:5)
  A hound (D:5)
  2 giant geckos (D:1)
  5 orcs
  3 bats
  A giant cockroach (D:5)
  2 goblins
  4 hobgoblins
  3 kobolds (D:1)
  4 giant newts
  2 quokkas
  2 rats (D:1)
30 creatures vanquished.

Notes
Turn   | Place    | Note
--------------------------------------------------------------
     0 | D:1      | 4tharraofdagon, the Demonspawn Fire Elementalist, began the quest for the Orb.
     0 | D:1      | Reached XP level 1. HP: 13/13 MP: 3/3
    56 | D:1      | Found a snail-covered altar of Cheibriados.
   149 | D:1      | Gained mutation: You sometimes gain a little power by taking damage. [demonic ancestry]
   149 | D:1      | Reached XP level 2. HP: 13/19 MP: 0/4
   495 | D:3      | Paralysed by you for 3 turns
   508 | D:3      | Reached skill level 3 in Fire Magic
   622 | D:4      | Found a gateway to a ziggurat.
   627 | D:5      | Entered Level 5 of the Dungeon
   637 | D:5      | Noticed an ogre
   663 | D:5      | Reached skill level 1 in Shields
   663 | D:5      | Gained mutation: You sometimes gain power by taking damage. [demonic ancestry]
   663 | D:5      | Reached XP level 3. HP: 11/24 MP: 0/6
   668 | D:5      | Learned a level 3 spell: Conjure Flame
   726 | D:4      | Found a blossoming altar of Fedhas.
   726 | D:4      | Found a glowing golden altar of the Shining One.
   779 | D:5      | Gained mutation: You have sharp fingernails. [demonic ancestry]
   779 | D:5      | Reached XP level 4. HP: 8/30 MP: 1/7
   789 | D:5      | Found Malatti's Jewellery Shoppe.
   813 | D:6      | Slain by a crimson imp

Action                   |  1- 3 |  4- 6 || total
-------------------------+-------+-------++-------
Melee: Unarmed           |     9 |       ||     9
       Dagger            |    17 |       ||    17
       Hand axe          |     6 |    13 ||    19
 Cast: Flame Tongue      |    39 |     1 ||    40
Evoke: Wand              |     6 |     1 ||     7
  Use: Potion            |     1 |     1 ||     2
 Stab: Sleeping          |     1 |       ||     1
       Paralysed         |       |     2 ||     2
